 Seeded DCSS version 0.29-a0-1043-g569b05d6ff (webtiles) character file.

Game seed: 2428815684230888813 (custom seed)

8 voltaire321 the Chopper (level 2, -2/22 HPs)
             Began as a Demonspawn Gladiator on Aug 15, 2022.
             Slain by an endoplasm (3 damage)
             ... on level 1 of the Dungeon.
             The game lasted 00:00:28 (99 turns).

voltaire321 the Chopper (Demonspawn Gladiator)        Turns: 99, Time: 00:00:28

Health: -2/22      AC:  4    Str: 14    XL:     2   Next: 0%
Magic:  2/2        EV: 12    Int:  9    God:
Gold:   7          SH:  0    Dex: 14    Spells: 1/1 levels left

rFire   . . .      SeeInvis .   a - +0 war axe
rCold   . . .      Faith    .   (no shield)
rNeg    . . .      Spirit   .   b - +0 leather armour
rPois   .          Reflect  .   c - +0 helmet
rElec   .          Harm     .   (no cloak)
rCorr   .          Rampage  .   (no gloves)
Will    .....                   (no boots)
Stlth   +.........              (no amulet)
HPRegen 0.07/turn               (no ring)
MPRegen 0.08/turn               (no ring)

@: no status effects
A: powered by death 1
a: no special abilities


You were on level 1 of the Dungeon.
You visited 1 branch of the dungeon, and saw 1 of its levels.

You collected 7 gold pieces.

Inventory:

Hand Weapons
 a - a +0 war axe (weapon)
Missiles
 d - 3 throwing nets (quivered)
 e - a javelin
Armour
 b - a +0 leather armour (worn)
 c - a +0 helmet (worn)
Jewellery
 f - a ring of fire


   Skills:
 + Level 2.1 Fighting
 + Level 2.8 Axes
 + Level 1.9 Throwing
 + Level 0.3 Armour
 + Level 2.8 Dodging


You had one spell level left.
You didn't know any spells.
Your spell library was empty.

Dungeon Overview and Level Annotations

Branches:
Dungeon (1/15)

Altars:


Innate Abilities, Weirdness & Mutations

You regenerate a little health from kills.


Message History

The rat barely misses you.
You slash the rat!
You kill the rat!
Found a stone staircase leading down.
f - a ring of fire
Found 3 gold pieces.
You now have 7 gold pieces.
An endoplasm and 2 hobgoblins come into view.
The hobgoblin shouts! x2; You hear an angry hiss.
A ball python and a giant cockroach come into view.
The ball python hisses angrily.
You hear a shout! x3
You slash the hobgoblin!
You kill the hobgoblin!
A kobold and a hobgoblin come into view.
Found a glowing leather armour and a dagger.
The kobold shouts!
The hobgoblin shouts!
The endoplasm freezes you.
You are frozen.
You see here a hobgoblin corpse.
You hit the hobgoblin but do no damage. You barely miss the endoplasm.
The hobgoblin closely misses you.
A goblin comes into view. It is wielding a +0 club.
The endoplasm freezes you.
You are frozen.
You slash the hobgoblin!
You kill the hobgoblin!
You hit the endoplasm. You slash the giant cockroach!
You kill the giant cockroach!
The endoplasm freezes you.
You are frozen.
* * * LOW HITPOINT WARNING * * *
The endoplasm freezes you.
You are frozen.
* * * LOW HITPOINT WARNING * * *
The ball python barely misses you. x2
You have reached level 2!
Your demonic ancestry asserts itself...
A wave of death washes over you. The endoplasm attacks as you move away!
The endoplasm hits you.
You die...

.....) .. ##....##..
#. ......#.. #.
....... #.# .....#
##..###gKg.##
#.....†SJ..[#
#......@## #
#....$...# # ###
####...#.....# ###.##
######...#######
(#...# .........######
.#...# ######.........
.'.<.#................
(#...#................
(#...#.######.........


You could see an endoplasm, a hobgoblin, a goblin, a ball python and a kobold.

Vanquished Creatures
  2 giant cockroaches (D:1)
  3 hobgoblins (D:1)
  2 rats (D:1)
7 creatures vanquished.

Notes
Turn   | Place    | Note
-------+----------+-------------------------------------------
     0 | D:1      | voltaire321 the Demonspawn Gladiator began the quest for
                  | the Orb.
     0 | D:1      | Reached XP level 1. HP: 16/16 MP: 1/1
    99 | D:1      | Gained mutation: You regenerate a little health from kills.
                  | [demonic ancestry]
    99 | D:1      | Reached XP level 2. HP: 1/22 MP: 2/2
    99 | D:1      | Slain by an endoplasm

Illustrated notes

Levels and vault maps discovered:
D:1:      minmay_arrival_shattered_statue, layout_basic,
          hellmonk_ecumenical_altar_zigzags, minmay_misc_feat_enclosed,
          minmay_three_crescents

Action                   || total
-------------------------++-------
Melee: War axe           ||     6
Armor: Leather armour    ||     1
Dodge: Dodged            ||     4

Table legend: (Time is in decaauts)
 A = Elapsed time spent in this place.
 B = Non-inter-level travel time spent in this place.
 C = Inter-level travel time spent in this place.
 D = Time resting spent in this place.
 E = Time spent auto-exploring this place.
 F = Levels seen in this place.
 G = Mean time per level.
                   A        B        C        D        E       F      G
               +--------+--------+--------+--------+--------+-----+--------+
         Total |    101 |    101 |      0 |      0 |     69 |   1 |  101.0 |
       Dungeon |    101 |    101 |      0 |      0 |     69 |   1 |  101.0 |
               +--------+--------+--------+--------+--------+-----+--------+

Top non-repeatable levels by time:
     D:1: 101 daAuts
